 Dungeon Crawl Stone Soup version 0.26-a0-591-g04f19ec95a (webtiles) character file.

Game seed: 6399880960237139686

18 GeoCrane the Magician (level 2, -3/15 HPs)
             Began as a Deep Elf Hedge Wizard on Aug 24, 2020.
             Slain by a worm (4 damage)
             ... on level 2 of the Dungeon.
             The game lasted 00:08:37 (1542 turns).

GeoCrane the Magician (Deep Elf Hedge Wizard)       Turns: 1542, Time: 00:08:37

Health: -3/15      AC:  8    Str:  7    XL:     2   Next: 48%
Magic:  9/9        EV:  2    Int: 18    God:
Gold:   36         SH:  0    Dex: 14    Spells: 7/10 levels left

rFire    . . .     SeeInvis .   a - +1 dagger
rCold    . . .     Faith    .   (no shield)
rNeg     . . .     Spirit   .   h - +0 chain mail (curse)
rPois    .         Reflect  .   c - +0 hat
rElec    .         Harm     .   (no cloak)
rCorr    .                      (no gloves)
MR       .....                  (no boots)
Stlth    ..........             (no amulet)
HPRegen  0.05/turn              (no ring)
MPRegen  0.11/turn              (no ring)

@: no status effects
A: no striking features
a: no special abilities


You were on level 2 of the Dungeon.
You visited 1 branch of the dungeon, and saw 2 of its levels.

You collected 36 gold pieces.

Inventory:

Hand Weapons
 a - a +1 dagger (weapon)
Armour
 b - a +0 robe
 c - a +0 hat (worn)
 h - a cursed +0 chain mail (worn)
Potions
 d - a potion of might
 e - a potion of haste {unknown}
 f - a potion of magic {unknown}


   Skills:
 - Level 2.7 Dodging
 - Level 2.7 Stealth
 + Level 4.8 Spellcasting
 * Level 1.9 Conjurations
 - Level 1.1 Summonings
   Level 1.1 Translocations


You had 7 spell levels left.
You knew the following spells:

 Your Spells              Type           Power        Failure   Level
a - Magic Dart            Conj           ##..         100%        1
b - Call Imp              Summ           #.......     100%        2

Your spell library contained the following spells:

 Spells                   Type           Power        Failure   Level
 Blink                    Tloc           N/A          100%        2
 Slow                     Hex            #.......     100%        2
 Conjure Flame            Conj/Fire      #.......     100%        3
 Mephitic Cloud           Conj/Pois/Air  #.......     100%        3


Dungeon Overview and Level Annotations

Branches:
Dungeon (2/15)

Altars:


Message History

You hit the worm but do no damage.
The worm is lightly wounded.
You hit the worm but do no damage.
The worm is lightly wounded.
The worm bites you.
* * * LOW HITPOINT WARNING * * *
You hit the worm but do no damage.
The worm is lightly wounded.
You hit the worm but do no damage.
The worm is lightly wounded.
The worm bites you but does no damage.
Your chain mail prevents you from hitting the worm.
The worm is lightly wounded.
The worm bites you but does no damage.
You hit the worm.
The worm is lightly wounded.
You hit the worm.
The worm is moderately wounded.
The worm bites you.
You die...

#########.######.#....##########
.............###.#.##.....#######
##....##.>....<.................#
#....#####......#........#####.#
#....# #..#.#.#####....# #....#
#....#.# #.##.# #..###
#....#.#####.##.# ##..#
#............##.# ....#
####.#@##......(####### ....#
#..w...#####........ ....#
#..........#........ ....#
##....####.#........ ....# #....#
#....#..... ....# ##.###
#..#.#..... ....# ....
#..#.#..... ##### .....
##......... ...... #.###.....


You could see a worm.

Vanquished Creatures
  5 goblins
  A ball python (D:1)
  2 bats (D:1)
  2 frilled lizards (D:1)
  2 kobolds (D:1)
  A rat (D:1)
13 creatures vanquished.

Vanquished Creatures (collateral kills)
  2 worms (D:1)
  A kobold (D:1)
3 creatures vanquished.

Grand Total: 16 creatures vanquished

Notes
Turn   | Place    | Note
-------+----------+-------------------------------------------
     0 | D:1      | GeoCrane the Deep Elf Hedge Wizard began the quest for the
                  | Orb.
     0 | D:1      | Reached XP level 1. HP: 10/10 MP: 7/7
   593 | D:1      | Reached XP level 2. HP: 15/15 MP: 5/9
   633 | D:1      | Learned a level 2 spell: Call Imp
  1542 | D:2      | Slain by a worm

Illustrated notes

Levels and vault maps discovered:
D:1:      eino_arrival_tree_alley, layout_basic
D:2:      layout_basic, minmay_pentomino_s4

Action                   || total
-------------------------++-------
Melee: Dagger            ||    33
 Cast: Magic Dart        ||    37
       Call Imp          ||     5
  Use: Scroll            ||     3
Armor: Robe              ||     6
       Chain mail        ||     7
Dodge: Dodged            ||    17

Table legend: (Time is in decaauts)
 A = Elapsed time spent in this place.
 B = Non-inter-level travel time spent in this place.
 C = Inter-level travel time spent in this place.
 D = Time resting spent in this place.
 E = Time spent auto-exploring this place.
 F = Levels seen in this place.
 G = Mean time per level.
                   A        B        C        D        E       F      G
               +--------+--------+--------+--------+--------+-----+--------+
         Total |   1544 |   1504 |     40 |    330 |    937 |   2 |  772.0 |
       Dungeon |   1544 |   1504 |     40 |    330 |    937 |   2 |  772.0 |
               +--------+--------+--------+--------+--------+-----+--------+

Top non-repeatable levels by time:
     D:1: 1317 daAuts
     D:2: 227 daAuts
